 Dungeon Crawl Stone Soup version 0.22-a0-284-g99d1f74 (webtiles) character file.

151116 Amnesiac the Unseen (level 17, -7/91 HPs)
             Began as a Spriggan Enchanter on Mar 21, 2018.
             Was the Champion of Dithmenos.
             Killed from afar by a deep elf sorcerer (25 damage)
             ... with damnation
             ... on level 3 of the Elven Halls.
             The game lasted 01:27:40 (30302 turns).

Amnesiac the Unseen (Spriggan Enchanter)           Turns: 30302, Time: 01:27:41

Health: -7/91      AC:  6    Str:  6    XL:     17   Next: 0%
Magic:  0/37       EV: 32    Int: 29    God:    Dithmenos [******]
Gold:   784        SH: 10    Dex: 16    Spells: 8/46 levels left

rFire    + . .     SeeInvis +   a - +3 dagger (elec)
rCold    + . .     Gourm    .   N - +2 buckler
rNeg     . . .     Faith    .   Q - +2 robe {Archmagi}
rPois    +         Spirit   +   D - +2 hat {Int+3}
rElec    +         Reflect  .   l - scarf {rC+ rF+}
rCorr    +         Harm     .   (gloves unavailable)
MR       ++...                  (boots unavailable)
Stlth    ++++++++++             L - amulet of guardian spirit
HPRegen  0.25/turn              p - ring "Hagewk" {Wiz Int+5}
MPRegen  0.25/turn              R - ring of Xom's Passing Interest {rCorr +Fly rElec rPois Dex-3}

@: wreathed by umbra, deflect missiles, very quick
A: very small, unfitting armour, hooves 1, see invisible, herbivore, speed 3,
slow metabolism 2, strong 1
a: Shadow Step, Shadow Form, Renounce Religion, Evoke Flight


You were on level 3 of the Elven Halls.
You worshipped Dithmenos.
Dithmenos was exalted by your worship.
You were not hungry.

You visited 4 branches of the dungeon, and saw 21 of its levels.
You also visited: Ossuary and Volcano.

You collected 3057 gold pieces.
You spent 2273 gold pieces at shops.

Inventory:

Hand Weapons
 a - a +3 dagger of electrocution (weapon)
 b - the +9 shortbow "Eviscerator" {venom, +Fly Str+4}
   (You found it on level 6 of the Dungeon)

   It poisons the ammo it fires.
   It affects your strength (+4).
   It lets you fly.
Missiles
 e - 39 poisoned needles
 n - 7 curare-tipped needles
 s - 2 throwing nets (quivered)
 y - 767 arrows
Armour
 l - a scarf of resistance (worn)
 q - a +2 cloak of magic resistance
 D - a +2 hat of intelligence (worn)
 N - a +2 buckler (worn)
 Q - a +2 robe of the Archmagi (worn)
Jewellery
 p - the ring "Hagewk" (left hand) {Wiz Int+5}
   (You bought it in a shop on level 12 of the Dungeon)

   [ring of wizardry]

   It improves your spell success rate.
   It affects your intelligence (+5).
 L - an amulet of guardian spirit (around neck)
 R - the ring of Xom's Passing Interest (right hand) {rCorr +Fly rElec rPois Dex-3}
   (You bought it in a shop on level 12 of the Dungeon)

   [ring of resist corrosion]

   It affects your dexterity (-3).
   It insulates you from electricity.
   It protects you from poison.
   It lets you fly.
Wands
 f - a wand of acid (9)
 i - a wand of clouds (2)
 G - a wand of iceblast (13)
 K - a wand of digging (11)
 V - a wand of enslavement (15)
Scrolls
 g - 13 scrolls of remove curse {!r}
 k - 6 scrolls of fear {!r}
 o - 5 scrolls of teleportation {!r}
 r - 2 scrolls of amnesia {!r}
 w - 4 scrolls of enchant weapon {!r}
 x - 5 scrolls of magic mapping {!r}
 z - a scroll of silence {!r}
 A - 4 scrolls of enchant armour {!r}
 B - a scroll of brand weapon {!r}
 C - 3 scrolls of acquirement {!r}
 F - a scroll of summoning {!r}
 H - 3 scrolls of blinking {!r}
 S - 2 scrolls of identify {!r}
Potions
 c - 7 potions of curing {!q}
 h - 2 potions of magic {!q}
 j - 10 potions of lignification {!q}
 m - a potion of cancellation {!q}
 t - 3 potions of haste {!q}
 u - 3 potions of brilliance {!q}
 v - 4 potions of flight {!q}
 E - 2 potions of mutation {!q}
 M - a potion of agility {!q}
 O - 2 potions of berserk rage {!q}
 P - a potion of might {!q}
 W - a potion of invisibility {!q, unknown}
Comestibles
 d - 27 rations


   Skills:
 - Level 11.0 Fighting
 - Level 8.0 Short Blades
 - Level 16.0 Dodging
 * Level 19.0 Stealth
 - Level 7.2 Shields
 + Level 15.4 Spellcasting
 + Level 15.4 Hexes
 - Level 7.2 Charms
 - Level 3.0 Air Magic


You had 8 spell levels left.
You knew the following spells:

 Your Spells              Type           Power        Failure   Level  Hunger
a - Invisibility          Hex            ########     1%          6    ###....
b - Summon Butterflies    Summ           ####....     1%          1    None
c - Deflect Missiles      Chrm/Air       ######....   16%         6    ###....
d - Dazzling Spray        Conj/Hex       ######       1%          3    None
e - Confuse               Hex            ########     0%          3    None
f - Discord               Hex            ########..   10%         8    ######.
g - Cause Fear            Hex            ########..   1%          4    None
h - Ozocubu's Armour      Chrm/Ice       ######..     1%          3    None
r - Regeneration          Chrm/Necr      ######....   1%          3    None
z - Confusing Touch       Hex            ######       0%          1    None


Dungeon Overview and Level Annotations

Branches:
Dungeon (15/15)            Temple (1/1) D:5            Lair (0/6) D:9
    Orc (2/2) D:11            Elf (3/3) Orc:2        Vaults (0/5) D:13
 Depths (0/5) D:15

Altars:
Cheibriados
Dithmenos
Elyvilon
Fedhas
Gozag
Kikubaaqudgha
Makhleb
Nemelex Xobeh
Qazlal
Ru
Trog
Uskayaw
Vehumet
Wu Jian
Beogh

Shops:
D:8 *   D:11 *   D:12 =[[:(   D:13 [   D:15 ((*:   Orc:2 =[*((   Elf:2 ?

Portals:
Abyss: D:13
Trove: D:12 (give +5 fire dragon scales)

Annotations:
Elf:3 1 exclusion


Innate Abilities, Weirdness & Mutations

You are very small and have problems with some larger weapons.
You are too small for most types of armour.
You have supernaturally acute eyesight. (SInv)
You are a herbivore.
You cover ground extremely quickly.
You need to consume almost no food.
You have large cloven feet.
Your muscles are strong. (Str +2)


Message History

You feel a surge of power!
The spray of energy hits the deep elf blademaster.
The deep elf blademaster is severely wounded.
The deep elf blademaster hits you with a rapier!
You emit a cloud of dark smoke.
The deep elf blademaster hits you with a rapier!
Casting: Dazzling Spray (safe; 1% risk of failure)
Confirm with . or Enter, or press ? or * to list all spells.
Aiming: Dazzling Spray (safe; 1% risk of failure)
Press: ? - help, Shift-Dir - straight line, f/p - deep elf blademaster
Aim: a deep elf blademaster, wielding two rapiers, wearing a runed chain mail and wearing a blackened coral ring (black smoke, severely wounded, umbra)
You feel a surge of power!
The spray of energy misses the deep elf blademaster.
Your shadow mimicks your spell!
The shadow shard hits the deep elf blademaster.
The deep elf blademaster hits you with a rapier!
You emit a cloud of dark smoke.
The deep elf blademaster barely misses you.
The deep elf blademaster completely misses you.
The deep elf blademaster hits you with a rapier!
* * * LOW HITPOINT WARNING * * *
The deep elf sorcerer completely misses you.
There is an open door here.
Evoke which item? (* to show all) (? for menu, Esc to quit)
Aiming: Iceblast
Press: ? - help, Shift-Dir - straight line, f/p - deep elf blademaster
Aim: a deep elf blademaster, wielding two rapiers, wearing a runed chain mail and wearing a blackened coral ring (black smoke, almost dead, umbra)
The mass of ice explodes!
The iceblast engulfs the deep elf blademaster.
The deep elf blademaster partially resists.
The deep elf blademaster is almost dead.
The deep elf blademaster hits you with a rapier!!
* * * LOW HITPOINT WARNING * * *
The deep elf blademaster closely misses you.
You see here a long sword.
There is an open door here.
Evoke which item? (* to show all) (? for menu, Esc to quit)
Okay, then.
There is an open door, spattered with blood here.
There is a stone staircase leading up here.
Evoke which item? (* to show all) (? for menu, Esc to quit)
Aiming: Iceblast
Press: ? - help, Shift-Dir - straight line, f/p - deep elf blademaster
Aim: a deep elf blademaster, wielding two rapiers, wearing a runed chain mail and wearing a blackened coral ring (almost dead, umbra)
The mass of ice explodes!
The iceblast engulfs the deep elf blademaster.
The deep elf blademaster partially resists.
The deep elf blademaster is almost dead.
The iceblast engulfs the deep elf sorcerer.
The deep elf sorcerer is lightly wounded.
Evoke which item? (* to show all) (? for menu, Esc to quit)
Aiming: Iceblast
Press: ? - help, Shift-Dir - straight line, p - deep elf blademaster The mass of ice explodes!
The iceblast engulfs the deep elf blademaster.
The deep elf blademaster partially resists.
You kill the deep elf blademaster!
Dithmenos accepts your kill.
You have reached level 17!
The iceblast engulfs the deep elf sorcerer.
The deep elf sorcerer is moderately wounded.
The deep elf sorcerer casts a spell at you.
The sphere of damnation explodes!
The damnation engulfs you!
You die...

##'...§§ ##.#..§§§
##.###.§§#
##.####....
###########e##
#..[.. #.......##.##
##.... ##.......#'##
##.'.. #.........##
##.....
##....@).e.##
#......
#...........#
####.E§.#
#...[..)....#
#....EE..
#...........#
#...)....
##.........##
#...E....
#.........#
##..=.E##
##...)...## #...E.#
#.......'## ##....#
####'####.######..##


You could see a deep elf sorcerer.

Vanquished Creatures
  Saint Roka (Elf:2)
  Jorgrun (Elf:2)
  4 deep elf blademasters
  A sphinx (D:13)
  Gastronok (Orc:1)
  Agnes (Elf:2)
  A storm dragon (shapeshifter) (Elf:3)
  2 fire giants (D:13)
  A deep elf sorcerer (Elf:3)
  Louise (Elf:2)
  4 deep elf elementalists
  An orc warlord (Orc:2)
  The ghost of Amnesiac the Sorcerer, a journeyman DEWz of Sif Muna (D:15)
  4 deep elf annihilators
  4 deep elf demonologists
  2 ettins (D:13)
  3 fire dragons
  2 deep elf death magi (Elf:3)
  2 deep elf high priests (Elf:1)
  A hell beast (D:13)
  A hydra (D:8)
  A vault guard (D:13)
  A centaur warrior (D:13)
  Erica (D:8)
  A death knight (D:11)
  13 two-headed ogres
  An ogre mage (D:15)
  3 tengu warriors
  4 orc high priests
  17 deep elf knights
  2 fire crabs (shapeshifter)
  5 skeletal warriors
  A deep troll (D:13)
  4 unseen horrors
  4 deep elf archers
  A lindwurm (Volcano)
  A wolf spider zombie (D:14)
  5 orc knights
  44 deep elf magi
  6 ugly things
  A phantasmal warrior (D:13)
  The ghost of empire the Quickloader, a novice GnWn of Sif Muna (D:5)
  5 orc sorcerers
  5 manticores
  3 cyclopes
  A cyclops (shapeshifter) (Elf:1)
  2 centaur zombies
  4 gargoyles
  2 orange demons (D:13)
  A kobold demonologist (D:15)
  A komodo dragon (D:13)
  A freezing wraith (D:13)
  A yaktaur (shapeshifter) (D:13)
  6 trolls
  2 tengu conjurers (D:15)
  A hornet (D:7)
  Prince Ribbit (D:8)
  26 dancing weapons
  A slime creature (D:13)
  5 hippogriffs
  An air elemental (Elf:1)
  5 shadows
  9 yaks
  A vampire (D:14)
  8 water elementals
  3 wraiths
  A yak (shapeshifter) (Elf:2)
  8 fire elementals
  8 vampire mosquitoes
  12 fire bats (Volcano)
  2 basilisks
  A steam dragon (Volcano)
  2 hungry ghosts
  3 wargs
  A redback simulacrum (D:13)
  2 hell hounds (Volcano)
  2 acid dragons
  2 water moccasins
  3 eyes of draining
  39 orc warriors
  A swamp drake (D:11)
  4 black bears
  4 ice beasts
  4 sky beasts
  2 phantoms
  14 ogres
  A crocodile (D:9)
  18 centaurs
  4 big kobolds
  5 earth elementals
  9 bullfrogs
  A wyvern skeleton (D:13)
  5 scorpions
  19 killer bees
  11 wights
  2 howler monkeys (D:13)
  5 electric eels (D:15)
  7 lava snakes (Volcano)
  10 crimson imps
  A human zombie (Ossuary)
  A quasit (D:15)
  A bullfrog zombie (D:11)
  10 hounds
  7 iron imps
  3 jellies
  A bullfrog skeleton (D:5)
  18 orc priests
  5 centaur skeletons
  Terence (D:2)
  5 iguanas
  Ijyb (D:3)
  27 orc wizards
  11 worker ants
  A centaur simulacrum (D:11)
  3 hound skeletons
  3 mummies (Ossuary)
  4 gnolls (D:8)
  7 adders
  4 shadow imps
  An ooze (D:4)
  3 adder skeletons
  5 worms
  5 dart slugs
  8 leopard geckos
  75 orcs
  4 ball pythons
  3 bats
  8 giant cockroaches
  16 goblins
  7 hobgoblins
  9 jackals
  9 quokkas
  6 frilled lizards
  2 gnoll zombies (Ossuary)
  2 goblin zombies (Ossuary)
  4 hobgoblin zombies (Ossuary)
  20 kobolds
  2 kobold zombies (Ossuary)
  A quokka skeleton (D:4)
  11 rats
  A fungus (D:11)
779 creatures vanquished.

Vanquished Creatures (collateral kills)
  A skeletal warrior (D:14)
1 creature vanquished.

Vanquished Creatures (others)
  A deep elf knight (Elf:1)
  2 dancing weapons (D:13)
  A water elemental (Elf:2)
  An air elemental (Elf:1)
  8 orcs
  3 fungi (Orc:2)
16 creatures vanquished.

Grand Total: 796 creatures vanquished

Notes
Turn   | Place    | Note
-------+----------+-------------------------------------------
     0 | D:1      | Amnesiac the Spriggan Enchanter began the quest for the Orb.
     0 | D:1      | Reached XP level 1. HP: 9/9 MP: 5/5
   462 | D:1      | Reached XP level 2. HP: 7/13 MP: 3/7
   470 | D:1      | Learned a level 2 spell: Ensorcelled Hibernation
   904 | D:2      | Noticed Terence
   972 | D:2      | Killed Terence
   972 | D:2      | Reached skill level 5 in Stealth
   972 | D:2      | Reached XP level 3. HP: 16/16 MP: 6/9
  1001 | D:2      | Learned a level 3 spell: Confuse
  1005 | D:2      | Learned a level 3 spell: Tukima's Dance
  1140 | D:3      | Found a white marble altar of Elyvilon.
  1140 | D:3      | Noticed Ijyb
  1542 | D:2      | Reached XP level 4. HP: 20/21 MP: 6/11
  1855 | D:4      | Reached skill level 6 in Stealth
  2422 | D:4      | Learned a level 3 spell: Dazzling Spray
  2661 | D:5      | Entered Level 5 of the Dungeon
  2666 | D:5      | Reached XP level 5. HP: 24/24 MP: 12/12
  2684 | D:5      | Reached skill level 7 in Stealth
  2692 | D:5      | Reached skill level 5 in Hexes
  2692 | D:5      | Reached XP level 6. HP: 24/28 MP: 3/14
  2700 | D:5      | Found a sparkling altar of Nemelex Xobeh.
  2728 | D:5      | Reached skill level 5 in Spellcasting
  2732 | D:5      | Reached skill level 8 in Stealth
  2955 | D:5      | Noticed empire's ghost (novice GnWn)
  2988 | D:5      | Killed empire's ghost
  2988 | D:5      | Reached skill level 10 in Stealth
  2988 | D:5      | Reached XP level 7. HP: 24/32 MP: 0/17
  3147 | D:5      | Found a staircase to the Ecumenical Temple.
  3178 | Temple   | Entered the Ecumenical Temple
  3189 | Temple   | Became a worshipper of Dithmenos the Shadowed
  3280 | D:3      | Killed Ijyb
  3830 | D:1      | Reached * piety under Dithmenos
  4676 | D:5      | Reached XP level 8. HP: 36/36 MP: 13/18
  4684 | D:5      | Reached skill level 11 in Stealth
  4789 | D:5      | Got an ichor-stained mace
  4859 | D:5      | Found an ornate altar of the Wu Jian Council.
  5075 | D:6      | Reached ** piety under Dithmenos
  5153 | D:6      | Reached skill level 12 in Stealth
  5231 | D:6      | Noticed a moth of wrath
  5233 | D:6      | Found a bloodstained altar of Trog.
  5533 | D:6      | Found an opulent altar of Gozag.
  5665 | D:6      | Found a sand-covered staircase.
  5669 | Ossuary  | Entered an ossuary
  5913 | Ossuary  | Reached XP level 9. HP: 39/39 MP: 21/21
  5927 | Ossuary  | Reached skill level 13 in Stealth
  6492 | D:6      | Got an ancient shortbow
  6569 | D:6      | Identified the +9 shortbow "Eviscerator" {venom, +Fly Str+4} (You found it on level 6 of the Dungeon)
  6901 | D:7      | Got a smoking whip
  6925 | D:7      | Reached *** piety under Dithmenos
  7375 | D:7      | Reached skill level 14 in Stealth
  7702 | D:8      | Reached **** piety under Dithmenos
  7998 | D:8      | Noticed an eight-headed hydra
  8018 | D:8      | Killed an eight-headed hydra
  8018 | D:8      | Reached skill level 15 in Stealth
  8018 | D:8      | Reached XP level 10. HP: 19/44 MP: 7/24
  8048 | D:8      | Found a burning altar of Makhleb.
  8065 | D:8      | Noticed Prince Ribbit
  8079 | D:8      | Killed Prince Ribbit
  8362 | D:8      | Noticed Erica
  8407 | D:8      | Killed Erica
  8407 | D:8      | Reached skill level 16 in Stealth
  8428 | D:8      | Noticed a two-headed ogre
  8480 | D:8      | Gained mutation: Your muscles are strong. (Str +2) [potion of mutation]
  8480 | D:8      | Gained mutation: You have large cloven feet. [potion of mutation]
  8772 | D:8      | Noticed a two-headed ogre
  8776 | D:8      | Killed a two-headed ogre
  8776 | D:8      | Reached skill level 10 in Spellcasting
  8776 | D:8      | Reached skill level 10 in Hexes
  8798 | D:8      | Noticed a two-headed ogre
  8805 | D:8      | Killed a two-headed ogre
  8937 | D:8      | Reached skill level 5 in Short Blades
  9015 | D:8      | Found Pev Kot's Island Escapes.
  9140 | D:8      | Killed a two-headed ogre
  9140 | D:8      | Reached XP level 11. HP: 47/47 MP: 20/26
  9601 | D:9      | Found a stormy altar of Qazlal.
  9830 | D:9      | Noticed a dagger
  9830 | D:9      | Noticed a dagger
  9831 | D:9      | Found a hide-covered altar of Uskayaw.
  9839 | D:9      | Found a staircase to the Lair.
  9846 | D:9      | Reached ***** piety under Dithmenos
 10132 | D:10     | Entered Level 10 of the Dungeon
 10278 | D:10     | Reached skill level 1 in Shields
 10611 | D:11     | Noticed a death knight
 10614 | D:11     | Killed a death knight
 10622 | D:11     | Noticed an unseen horror
 10627 | D:11     | Killed an unseen horror
 10675 | D:11     | Noticed a two-headed ogre
 10682 | D:11     | Killed a two-headed ogre
 10717 | D:11     | Noticed a two-headed ogre
 10733 | D:11     | Killed a two-headed ogre
 10733 | D:11     | Reached skill level 5 in Shields
 10764 | D:11     | Found a staircase to the Orcish Mines.
 10916 | D:11     | Noticed an unseen horror
 10920 | D:11     | Killed an unseen horror
 11201 | D:10     | Noticed a fire crab
 11379 | D:10     | Killed a fire crab
 11392 | D:10     | Noticed an orc sorcerer
 11393 | D:10     | Noticed a deep elf mage
 11756 | D:10     | Killed an orc sorcerer
 11756 | D:10     | Reached XP level 12. HP: 42/51 MP: 19/27
 11941 | D:10     | Reached skill level 1 in Fighting
 12028 | D:11     | Found Xyurei's General Store.
 12058 | D:11     | Bought a scroll of enchant armour for 75 gold pieces
 12304 | D:12     | Found a portal to a secret trove of treasure.
 12307 | D:12     | Noticed a two-headed ogre
 12324 | D:12     | Killed a two-headed ogre
 12325 | D:12     | Found Lyhiq's Jewellery Shoppe.
 12409 | D:12     | Noticed a two-headed ogre
 12416 | D:12     | Killed a two-headed ogre
 12416 | D:12     | Reached skill level 5 in Dodging
 12463 | D:12     | Found Uxzyrak's Book Shoppe.
 12815 | D:12     | Reached ****** piety under Dithmenos
 12815 | D:12     | Reached skill level 5 in Fighting
 13027 | D:12     | Found Idag Yje's Antique Armour Boutique.
 13049 | D:12     | Found Voyv's Weapon Shop.
 13197 | D:12     | You fall through a shaft for 3 floors!
 13197 | D:15     | Entered Level 15 of the Dungeon
 13197 | D:15     | Found Goehet's Assorted Antiques.
 13197 | D:15     | Noticed a tengu warrior
 13202 | D:15     | Found a sacrificial altar of Ru.
 13203 | D:15     | Killed a tengu warrior
 13212 | D:15     | Noticed a two-headed ogre
 13243 | D:15     | Killed a two-headed ogre
 13617 | D:15     | Found Siegupu's Weapon Boutique.
 13624 | D:15     | Learned a level 1 spell: Confusing Touch
 13626 | D:15     | Learned a level 1 spell: Summon Butterflies
 13630 | D:15     | Learned a level 3 spell: Regeneration
 13660 | D:15     | Found Disaf's Weapon Boutique.
 14046 | D:14     | Reached XP level 13. HP: 66/66 MP: 22/28
 14416 | D:13     | Found a one-way gate to the infinite horrors of the Abyss.
 14531 | D:13     | Noticed a fire giant
 14652 | D:13     | Noticed an ettin
 14713 | D:13     | Killed an ettin
 14713 | D:13     | Reached skill level 10 in Dodging
 15106 | D:13     | Found a gate to the Vaults.
 15396 | D:13     | Found Ziggip's Antique Armour Shoppe.
 15919 | D:12     | Found Korchag's Antique Armour Emporium.
 16120 | D:13     | Killed a fire giant
 16259 | D:13     | Noticed an ettin
 16382 | D:13     | Killed an ettin
 16554 | D:13     | Noticed a sphinx
 16559 | D:13     | Killed a sphinx
 16571 | D:13     | Noticed a fire giant
 16573 | D:13     | Killed a fire giant
 16599 | D:13     | Identified 2 scrolls of acquirement {!r}
 16808 | D:14     | Reached skill level 10 in Fighting
 17630 | D:15     | Reached XP level 14. HP: 77/77 MP: 29/29
 17847 | D:15     | Found Geilot's Book Shoppe.
 18061 | D:15     | Noticed Amnesiac's ghost (journeyman DEWz)
 18500 | D:15     | Killed Amnesiac's ghost
 18868 | D:15     | Reached skill level 15 in Dodging
 18876 | D:15     | Learned a level 6 spell: Deflect Missiles
 18885 | D:15     | Learned a level 8 spell: Discord
 19105 | D:15     | Found a staircase to the Depths.
 19310 | D:15     | Reached skill level 17 in Stealth
 19520 | Orc:1    | Entered Level 1 of the Orcish Mines
 19523 | Orc:1    | Noticed Gastronok
 19527 | Orc:1    | Reached skill level 18 in Stealth
 20047 | Orc:1    | Found a dark tunnel.
 20056 | Volcano  | Entered a volcano
 20606 | Volcano  | Found a burning altar of Makhleb.
 21133 | Orc:1    | Killed Gastronok
 21433 | Orc:2    | Entered Level 2 of the Orcish Mines
 21433 | Orc:2    | Found Lafebass's Weapon Emporium.
 21472 | Orc:2    | Found Oblor's Antique Weapon Shoppe.
 21758 | Orc:2    | Learned a level 4 spell: Cause Fear
 21760 | Orc:2    | Found Gug Gif's Antique Armour Boutique.
 21888 | Orc:2    | Found a roughly hewn altar of Beogh.
 22316 | Orc:2    | Noticed an orc warlord
 22872 | Orc:2    | Found Ilol's General Store.
 22909 | Orc:2    | Killed an orc warlord
 22909 | Orc:2    | Reached XP level 15. HP: 80/80 MP: 20/32
 22941 | Orc:2    | Found Yvekhaoch's Jewellery Emporium.
 22963 | Orc:2    | Found a staircase to the Elven Halls.
 23132 | Orc:2    | Bought an uncursed amulet of guardian spirit for 420 gold pieces
 23356 | D:12     | Bought the ring "Hagewk" {Wiz Int+5} for 570 gold pieces
 23356 | D:12     | Bought the ring of Xom's Passing Interest {rCorr +Fly rElec rPois Dex-3} for 408 gold pieces
 23455 | D:15     | Bought a book of Party Tricks for 800 gold pieces
 23619 | Elf:1    | Entered Level 1 of the Elven Halls
 23641 | Elf:1    | Learned a level 3 spell: Ozocubu's Armour
 23641 | Elf:1    | Found a radiant altar of Vehumet.
 23743 | Elf:1    | Learned a level 6 spell: Invisibility
 26071 | Elf:1    | Noticed a Tzitzimitl
 26382 | Elf:1    | Got an ichor-stained robe
 26525 | Elf:2    | Found Ukluusch's Magic Scroll Shop.
 26784 | Elf:2    | Noticed Louise
 26791 | Elf:2    | Killed Louise
 26916 | Elf:2    | Noticed Agnes
 27053 | Elf:2    | Killed Agnes
 27077 | Elf:2    | Reached XP level 16. HP: 71/85 MP: 15/35
 27081 | Elf:2    | Reached skill level 15 in Hexes
 27283 | Elf:2    | Reached skill level 15 in Spellcasting
 27310 | Elf:2    | Found a huge runed gate.
 27310 | Elf:2    | Found a huge runed gate.
 27311 | Elf:2    | Found a huge runed gate.
 27312 | Elf:2    | Found a huge runed gate.
 27319 | Elf:2    | Found a huge runed gate.
 27336 | Elf:2    | Noticed Jorgrun
 27343 | Elf:2    | Killed Jorgrun
 27369 | Elf:2    | Reached skill level 5 in Charms
 27394 | Elf:2    | Reached skill level 1 in Air Magic
 27407 | Elf:2    | Noticed a deep elf blademaster
 28016 | Elf:2    | Noticed Saint Roka
 28029 | Elf:2    | Killed Saint Roka
 28343 | Elf:2    | Killed a deep elf blademaster
 28568 | Elf:3    | Entered Level 3 of the Elven Halls
 29191 | Elf:3    | Noticed a storm dragon
 29208 | Elf:3    | Killed a storm dragon
 29260 | Elf:3    | Noticed a deep elf blademaster
 29277 | Elf:3    | Killed a deep elf blademaster
 29282 | Elf:3    | Noticed a deep elf master archer
 29461 | Elf:3    | Noticed a deep elf blademaster
 29750 | Elf:3    | Identified the +2 robe of the Equator {rC- rN+ Dex+7} (You took it off a deep elf mage on level 1 of the Elven Halls)
 29850 | Elf:3    | Killed a deep elf blademaster
 30100 | Elf:3    | Reached skill level 19 in Stealth
 30254 | Elf:3    | Noticed a deep elf blademaster
 30302 | Elf:3    | Killed a deep elf blademaster
 30302 | Elf:3    | Reached XP level 17. HP: 17/91 MP: 4/37
 30302 | Elf:3    | Killed from afar by a deep elf sorcerer

Vault maps used:
D:1:      minmay_arrival_glassed_features, minmay_pentomino_w4
D:2:      uniq_terence
D:3:      elyvilon_altar_4, uniq_ijyb
D:4:      first_ration
D:5:      lemuel_doored_altar, nemelex_xobeh_ov_fountains_minmay,
          minmay_temple_entry_nine_rooms, kennysheep_generic_room_6
D:6:      tgw_trog, enter_ossuary_5, grunt_gozag_breadcrumbs
D:8:      makhleb_grotto_becter, blue_anna_alchemist, nicolae_island_escapes,
          uniq_prince_ribbit1, uniq_erica
D:9:      dancing_weapons_uskayaw, david_lair_generic, grunt_qazlal_sundering
D:10:     minmay_klotski, hangedman_abyss_or_decor_slice
D:11:     minmay_cornered_nines, erik_orc_1, serial_shops, shop_statue,
          minmay_gold_behind_fungi
D:12:     nicolae_trove_entry_crossroad, serial_shops, shop,
          kennysheep_little_box, shop, nicolae_shop_stone, nicolae_shop_crystal
D:13:     thingy_vault, david_vaults_4, serial_shops, nicolae_shop_waterfront,
          lemuel_hellish_altar
D:14:     roderic_lattice_octagonal_star
D:15:     grunt_enter_depths_hoard, serial_curves, eino_curves_02,
          eino_curves_04, serial_shops, shop, shop, nicolae_shop_crystal,
          nicolae_shop_window_shopping, basic_altar
Temple:   eino_temple_scatter_basement
Orc:1:    enter_volcano_2, nicolae_orc_rockfall, uniq_gastronok
Orc:2:    grunt_orc_gardens, grunt_orc_garden, grunt_orc_garden,
          grunt_orc_garden, grunt_orc_garden, basic_altar, serial_shops, shop
Elf:1:    eino_elf_arrival_altar, orc_legates
Elf:2:    serial_shops, shop, nicolae_elf_big_sculpture_2, uniq_louise,
          uniq_saint_roka, uniq_jorgrun, uniq_agnes
Elf:3:    minmay_elf_hall_quartered_circle, spider_trap, columned_hall_lemuel
Ossuary:  ossuary_kennysheep_city_of_the_dead
Volcano:  volcano_grotto

Skill      XL: |  1  2  3  4  5  6  7  8  9 10 11 12 13 14 15 16 |
---------------+-------------------------------------------------+-----
Spellcasting   | 3 4 6 7 9 10 12 14 15 | 15.4
Stealth        | 5 6 7 10 12 15 16 18 19 | 19.0
Hexes          | 4 5 6 7 9 10 12 14 15 | 15.4
Short Blades   | 6 8 |  8.0
Shields        | 6 7 |  7.2
Fighting       | 6 10 11 | 11.0
Dodging        | 8 12 15 16 | 16.0
Charms         | 7 |  7.2
Air Magic      | 3 |  3.0

Action                   |  1- 3 |  4- 6 |  7- 9 | 10-12 | 13-15 | 16-18 || total
-------------------------+-------+-------+-------+-------+-------+-------++-------
Melee: Dagger            |    61 |    82 |   186 |   306 |   683 |   300 ||  1618
       Kick              |       |       |       |    38 |   137 |    62 ||   237
       Unarmed           |       |       |       |       |    20 |     2 ||    22
 Fire: Shortbow          |       |       |    73 |       |       |       ||    73
Throw: Throwing net      |       |       |       |       |       |     4 ||     4
 Cast: Corona            |     6 |       |       |       |       |       ||     6
       Ensorcelled Hiber |    29 |    22 |    38 |   134 |   171 |       ||   394
       Confuse           |       |     4 |    16 |    42 |   128 |    43 ||   233
       Dazzling Spray    |       |       |     1 |    41 |    69 |    34 ||   145
       Tukima's Dance    |       |       |       |     5 |    17 |       ||    22
       Confusing Touch   |       |       |       |       |     8 |     1 ||     9
       Invisibility      |       |       |       |       |     7 |     8 ||    15
       Deflect Missiles  |       |       |       |       |       |     2 ||     2
       Discord           |       |       |       |       |       |     2 ||     2
Invok: Shadow Step       |       |       |       |       |     5 |       ||     5
Evoke: Wand              |       |       |       |       |       |    11 ||    11
  Use: Scroll            |       |     8 |    10 |     3 |    12 |       ||    33
       Potion            |       |       |       |     6 |       |     3 ||     9
 Stab: Sleeping          |    22 |    19 |    65 |   121 |   161 |    13 ||   401
       Confused          |       |     2 |     5 |    16 |    54 |    14 ||    91
       Distracted        |       |       |     2 |       |     3 |       ||     5
       Invisible         |       |       |       |     2 |    30 |    38 ||    70
       Fleeing           |       |       |       |       |     1 |       ||     1
  Eat: Ration            |       |     1 |     2 |     3 |     8 |     2 ||    16
Armor: Robe              |     7 |     7 |     6 |    11 |    16 |     6 ||    53
       Skin              |       |       |       |    18 |       |       ||    18
Dodge: Dodged            |    41 |    38 |    98 |   132 |   420 |   172 ||   901
       Deflected         |       |       |       |       |       |     1 ||     1
Block: Buckler           |    12 |    26 |    36 |    64 |   215 |    75 ||   428

Table legend:
 A = Spawn XP
 B = Non-spawn XP
 C = Spawn XP percentage of total XP
 D = Spawn monster count
 E = Non-spawn monster count
 F = Spawn count percentage of total count
 G = Total turns spent on level
                    A         B        C        D         E        F      G
               +---------+---------+-------+---------+---------+-------+---------
         Total |       0 |  215881 |   0.0 |       0 |     780 |   0.0 | 30302
               +---------+---------+-------+---------+---------+-------+---------
           D:1 |       0 |      42 |   0.0 |       0 |      23 |   0.0 |  1119
           D:2 |       0 |      96 |   0.0 |       0 |      24 |   0.0 |  1263
           D:3 |       0 |      85 |   0.0 |       0 |      27 |   0.0 |   909
           D:4 |       0 |      82 |   0.0 |       0 |      12 |   0.0 |   969
           D:5 |       0 |    1432 |   0.0 |       0 |      21 |   0.0 |   849
           D:6 |       0 |     842 |   0.0 |       0 |      31 |   0.0 |  1395
           D:7 |       0 |    1080 |   0.0 |       0 |      25 |   0.0 |   738
           D:8 |       0 |    7563 |   0.0 |       0 |      49 |   0.0 |  1938
           D:9 |       0 |    1304 |   0.0 |       0 |      13 |   0.0 |   681
          D:10 |       0 |    5622 |   0.0 |       0 |      33 |   0.0 |  1051
          D:11 |       0 |    6561 |   0.0 |       0 |      38 |   0.0 |  1550
          D:12 |       0 |    7188 |   0.0 |       0 |      40 |   0.0 |  1099
          D:13 |       0 |   20634 |   0.0 |       0 |      57 |   0.0 |  2251
          D:14 |       0 |    6873 |   0.0 |       0 |      32 |   0.0 |  1425
          D:15 |       0 |   22541 |   0.0 |       0 |      59 |   0.0 |  2405
         Orc:1 |       0 |    6863 |   0.0 |       0 |      57 |   0.0 |  1534
         Orc:2 |       0 |   10908 |   0.0 |       0 |      44 |   0.0 |  1277
         Elf:1 |       0 |   26581 |   0.0 |       0 |      55 |   0.0 |  2868
         Elf:2 |       0 |   55397 |   0.0 |       0 |      69 |   0.0 |  2179
         Elf:3 |       0 |   28786 |   0.0 |       0 |      31 |   0.0 |  1583
       Ossuary |       0 |     317 |   0.0 |       0 |      15 |   0.0 |   361
       Volcano |       0 |    5084 |   0.0 |       0 |      25 |   0.0 |   837
               +---------+---------+-------+---------+---------+-------+---------
